 Dungeon Crawl Stone Soup version 0.21.1-1-g345015f (webtiles) character file.

263 tidbits the Grave Robber (level 6, 27/44 HPs)
             Began as a Gnoll Necromancer on June 13, 2018.
             Was a Follower of Cheibriados.
             Quit the game on level 5 of the Dungeon.
             The game lasted 00:11:10 (983 turns).

tidbits the Grave Robber (Gnoll Necromancer)         Turns: 983, Time: 00:11:10

Health: 27/44      AC:  5    Str: 13    XL:     6   Next: 19%
Magic:  9/13       EV: 15    Int: 21    God:    Cheibriados [*.....]
Gold:   104        SH:  0    Dex: 17    Spells: 3/15 levels left

rFire    . . .     SeeInvis .   a - +0 dagger
rCold    . . .     Gourm    .   (no shield)
rNeg     . . .     Faith    .   f - +0 robe
rPois    .         Spirit   .   n - +1 hat
rElec    .         Reflect  .   (no cloak)
rCorr    .         Harm     .   (no gloves)
MR       +....                  p - +1 pair of boots
Stlth    +++.......             (no amulet)
HPRegen  0.14/turn              h - ring of protection from magic
MPRegen  0.13/turn              (no ring)

@: very slow
A: distributed training, fangs 1, strong nose
a: Bend Time, Renounce Religion


You were on level 5 of the Dungeon.
You worshipped Cheibriados.
Cheibriados was aware of your devotion.
You were not hungry.

You visited 2 branches of the dungeon, and saw 6 of its levels.

You collected 104 gold pieces.

Inventory:

Hand Weapons
 a - a +0 dagger (weapon)
 b - a +0 long sword
 k - a +5 club
Missiles
 g - 26 arrows
Armour
 f - a +0 robe (worn)
 l - a +2 scale mail of cold resistance
   (You took it off Ijyb on level 4 of the Dungeon)
 n - a +1 hat (worn)
 p - a +1 pair of boots (worn)
Jewellery
 h - a ring of protection from magic (left hand)
   (You found it on level 3 of the Dungeon)
Wands
 m - a wand of polymorph (10)
Scrolls
 e - 3 scrolls of identify
Potions
 d - a potion of curing
 o - a potion of haste
 r - a potion of might {unknown}
Books
 j - a book of Necromancy

   Spells                             Type                      Level
   a - Pain                           Necromancy                   1
   b - Animate Skeleton               Necromancy                   1
   c - Vampiric Draining              Necromancy                   3
   d - Regeneration                   Charms/Necromancy            3
   e - Animate Dead                   Necromancy                   4
   f - Borgnjor's Vile Clutch         Necromancy/Earth             5
Comestibles
 c - 4 rations


   Skills:
 + Level 1.8 Fighting
 + Level 1.8 Short Blades
 + Level 1.8 Long Blades
 + Level 1.8 Axes
 + Level 1.8 Maces & Flails
 + Level 1.8 Polearms
 + Level 1.8 Staves
 + Level 1.8 Slings
 + Level 1.8 Bows
 + Level 1.8 Crossbows
 + Level 1.8 Throwing
 + Level 1.8 Armour
 + Level 4.9 Dodging
 + Level 4.5 Stealth
 + Level 1.8 Shields
 + Level 1.8 Unarmed Combat
 + Level 5.3 Spellcasting
 + Level 1.4 Conjurations
 + Level 1.4 Hexes
 + Level 1.4 Charms
 + Level 1.4 Summonings
 + Level 7.2 Necromancy
 + Level 1.4 Translocations
 + Level 1.4 Transmutations
 + Level 1.4 Fire Magic
 + Level 1.4 Ice Magic
 + Level 1.4 Air Magic
 + Level 1.4 Earth Magic
 + Level 1.4 Poison Magic
 + Level 2.0 Invocations
 + Level 1.8 Evocations


You had 3 spell levels left.
You knew the following spells:

 Your Spells              Type           Power        Failure   Level  Hunger
a - Pain                  Necr           ####         1%          1    None
d - Vampiric Draining     Necr           #####.....   1%          3    ##.....
r - Regeneration          Chrm/Necr      ###.......   5%          3    ##.....
v - Borgnjor's Vile Clut  Necr/Erth      ###.......   43%         5    #####..


Dungeon Overview and Level Annotations

Branches:
Dungeon (5/15)             Temple (1/1) D:4

Altars:
Ashenzari
Cheibriados
Fedhas
Makhleb
Nemelex Xobeh
Qazlal
Ru
Uskayaw
Vehumet
Xom
Zin
The Shining One

Annotations:
D:4 Mesmaeker13's ghost, amateur GrMo
D:5 WinstonMain's ghost, amateur HOMo


Innate Abilities, Weirdness & Mutations

Your experience applies equally to all skills.
You have very sharp teeth.
Your uncanny sense of smell can sniff out nearby items.


Message History

Aim: a worker ant You miscast Borgnjor's Vile Clutch.
You are very lightly contaminated with residual magic.
The world around you seems to dim momentarily.
You are feeling hungry.
The worker ant bites you!
You are poisoned.
The worker ant poisons you!
Casting: Borgnjor's Vile Clutch
Confirm with . or Enter, or press ? or * to list all spells.
The spell is very dangerous to cast!
Continue anyway?
Aiming: Borgnjor's Vile Clutch
Press: ? - help, Dir - move target cursor, f/p - worker ant
Aim: a worker ant Decaying hands burst forth from the earth!
Zombie hands grab the worker ant.
You are feeling very hungry.
The zombie hands constrict the worker ant.
You feel sick. The worker ant misses you.
Unknown command.
You hit the worker ant.
The worker ant is heavily wounded.
The zombie hands constrict the worker ant!
The worker ant bites you.
The zombie hands constrict the worker ant.
You kill the worker ant!
Cheibriados thoroughly appreciates the change of pace.
You feel sick.
Casting: Borgnjor's Vile Clutch
Confirm with . or Enter, or press ? or * to list all spells.
Aiming: Pain
Press: ? - help, Shift-Dir - straight line, f - frilled lizard
Aim: a frilled lizard (chance to defeat MR: 93%)
The frilled lizard writhes in agony!
The frilled lizard barely misses you.
Casting: Pain
Confirm with . or Enter, or press ? or * to list all spells.
Aiming: Pain
Press: ? - help, Shift-Dir - straight line, f/p - frilled lizard
Aim: a frilled lizard (heavily wounded, chance to defeat MR: 93%)
The frilled lizard writhes in agony!
You kill the frilled lizard!
Cheibriados thoroughly appreciates the change of pace.
Cheibriados slows and strengthens your metabolism.
Cheibriados raises the support of your attributes as your movement slows.
Unknown command.
You feel sick.
Found a scroll labeled PUEVEE SONT.
You see here a worker ant corpse.
You butcher the worker ant corpse.
You see here a chunk of flesh.
Eat a chunk of flesh? (ye/n/q)
You eat the chunk of flesh.
This raw flesh tastes terrible. 2 gnolls come into view.
You feel sick.
Found 26 sling bullets, a rapier and 10 gold pieces.
There is an open door here.
You feel sick.
You see here a scroll labeled PUEVEE SONT.
As you read the scroll labeled PUEVEE SONT, it crumbles to dust.
You feel as if something is helping you.
It was a scroll of remove curse.
Drop what? 17/52 slots (_ for help) (? for menu, Esc to quit)
You remove your amulet of inaccuracy.
You drop an uncursed amulet of inaccuracy.
You feel sick.
Your magical contamination has completely faded away.
There is an open door here.
A gnoll comes into view. It is wielding a spear.
The gnoll shouts!
Found 15 gold pieces.
There is an open door here.
You feel sick.
You are no longer poisoned.
The gnoll barely misses you.
Mesmaeker13's ghost (amateur Gargoyle Monk) comes into view.
Mesmaeker13's ghost turns its malevolent gaze towards you.
You hear a shout! x2
There is an open door here.
The gnoll shouts!
The gnoll hits you from afar with a spear.
The gnoll shouts!
You hear a shout! x2
The gnoll misses you.
There is a stone staircase leading down here.
Mesmaeker13's ghost barely misses you. The gnoll closely misses you.
You climb downwards.
You hear the sound of rushing water.
There is an entrance to a sewer on this level.
Hurry and find it before the portal rusts away!
The walls and floor vibrate strangely for a moment.
Level annotation: WinstonMain's ghost, amateur HOMo
There is a stone staircase leading up here.
A centaur skeleton comes into view.
A sky beast comes into view.
A phantom comes into view.
The phantom moves out of view.
An adder comes into view.
The sky beast flickers out of sight!
The phantom blinks!
An orc comes into view. It is wielding a short sword.
A sky beast appears from thin air!
The phantom blinks!
Are you sure you want to abandon this character and quit the game? (Confirm with "yes".)

#######...Y.
#.......# #.......#
#.......# #.......#
#####.......###.##
#<.......§......S..
#####....Y.####....
#...§.@## ..
#.....W.#
#...Z.#..#
##...###..# #...#
#..# #...# #...
#... .... #.. ...


You could see a phantom, a sky beast and a centaur skeleton.

Vanquished Creatures
  A scorpion (D:4)
  A howler monkey (D:4)
  Ijyb (D:4)
  3 worker ants
  A hound skeleton (D:4)
  3 adders
  An ooze (D:4)
  A worm (D:4)
  A leopard gecko (D:4)
  An orc (D:4)
  3 giant cockroaches
  A goblin (D:1)
  2 hobgoblins
  7 jackals
  4 kobolds
  3 bats
  A frilled lizard (D:4)
35 creatures vanquished.

Notes
Turn   | Place    | Note
-------+----------+-------------------------------------------
     0 | D:1      | tidbits the Gnoll Necromancer began the quest for the Orb.
     0 | D:1      | Reached XP level 1. HP: 13/13 MP: 6/6
    62 | D:2      | Reached XP level 2. HP: 16/20 MP: 7/7
   179 | D:4      | Noticed a scorpion
   182 | D:4      | Killed a scorpion
   182 | D:4      | Reached skill level 1 in Fighting
   182 | D:4      | Reached skill level 1 in Short Blades
   182 | D:4      | Reached skill level 1 in Long Blades
   182 | D:4      | Reached skill level 1 in Axes
   182 | D:4      | Reached skill level 1 in Maces & Flails
   182 | D:4      | Reached skill level 1 in Polearms
   182 | D:4      | Reached skill level 1 in Staves
   182 | D:4      | Reached skill level 1 in Slings
   182 | D:4      | Reached skill level 1 in Bows
   182 | D:4      | Reached skill level 1 in Crossbows
   182 | D:4      | Reached skill level 1 in Throwing
   182 | D:4      | Reached skill level 1 in Armour
   182 | D:4      | Reached skill level 1 in Shields
   182 | D:4      | Reached skill level 1 in Unarmed Combat
   182 | D:4      | Reached skill level 5 in Spellcasting
   182 | D:4      | Reached skill level 1 in Invocations
   182 | D:4      | Reached skill level 1 in Evocations
   182 | D:4      | Reached XP level 3. HP: 21/26 MP: 4/9
   182 | D:4      | Reached XP level 4. HP: 25/32 MP: 4/11
   220 | D:4      | Noticed Ijyb
   244 | D:4      | Killed Ijyb
   244 | D:4      | Reached skill level 1 in Conjurations
   244 | D:4      | Reached skill level 1 in Hexes
   244 | D:4      | Reached skill level 1 in Charms
   244 | D:4      | Reached skill level 1 in Summonings
   244 | D:4      | Reached skill level 1 in Translocations
   244 | D:4      | Reached skill level 1 in Transmutations
   244 | D:4      | Reached skill level 1 in Fire Magic
   244 | D:4      | Reached skill level 1 in Ice Magic
   244 | D:4      | Reached skill level 1 in Air Magic
   244 | D:4      | Reached skill level 1 in Earth Magic
   244 | D:4      | Reached skill level 1 in Poison Magic
   266 | D:4      | Found a sacrificial altar of Ru.
   281 | D:4      | Reached XP level 5. HP: 14/37 MP: 5/12
   328 | D:5      | Entered Level 5 of the Dungeon
   347 | D:5      | Learned a level 3 spell: Regeneration
   352 | D:5      | Learned a level 3 spell: Vampiric Draining
   365 | D:5      | Learned a level 5 spell: Borgnjor's Vile Clutch
   365 | D:5      | Found a glowing drain.
   398 | D:4      | Found a staircase to the Ecumenical Temple.
   402 | Temple   | Entered the Ecumenical Temple
   442 | Temple   | Became a worshipper of Cheibriados the Contemplative
   541 | D:5      | Noticed WinstonMain's ghost (amateur HOMo)
   559 | D:4      | Noticed a slave
   704 | D:3      | Reached XP level 6. HP: 35/44 MP: 6/13
   781 | D:2      | Found a radiant altar of Vehumet.
   813 | D:2      | Found a glowing golden altar of the Shining One.
   817 | D:2      | Reached skill level 2 in Invocations
   935 | D:4      | Reached * piety under Cheibriados
   959 | D:4      | Noticed Mesmaeker13's ghost (amateur GrMo)
   976 | D:5      | Noticed a sky beast
   976 | D:5      | Noticed a phantom
   983 | D:5      | Quit the game

Skill      XL: |  1  2  3  4  5  6 |
---------------+-------------------+-----
Fighting       | 1 |  1.8
Short Blades   | 1 |  1.8
Long Blades    | 1 |  1.8
Axes           | 1 |  1.8
Maces & Flails | 1 |  1.8
Polearms       | 1 |  1.8
Staves         | 1 |  1.8
Slings         | 1 |  1.8
Bows           | 1 |  1.8
Crossbows      | 1 |  1.8
Throwing       | 1 |  1.8
Armour         | 1 |  1.8
Shields        | 1 |  1.8
Unarmed Combat | 1 |  1.8
Spellcasting   | 5 |  5.3
Invocations    | 1 2 |  2.0
Evocations     | 1 |  1.8
Conjurations   | 1 |  1.4
Hexes          | 1 |  1.4
Charms         | 1 |  1.4
Summonings     | 1 |  1.4
Translocations | 1 |  1.4
Transmutations | 1 |  1.4
Fire Magic     | 1 |  1.4
Ice Magic      | 1 |  1.4
Air Magic      | 1 |  1.4
Earth Magic    | 1 |  1.4
Poison Magic   | 1 |  1.4
Dodging        | |  4.9
Stealth        | |  4.5
Necromancy     | |  7.2

Action                   |  1- 3 |  4- 6 || total
-------------------------+-------+-------++-------
Melee: Dagger            |     1 |     5 ||     6
       Long sword        |       |     7 ||     7
       Bite              |       |     2 ||     2
       Unarmed           |       |     1 ||     1
 Cast: Pain              |    12 |    47 ||    59
       Regeneration      |       |     1 ||     1
       Borgnjor's Vile C |       |     1 ||     1
Evoke: Wand              |       |     8 ||     8
  Use: Scroll            |       |     9 ||     9
       Potion            |       |     1 ||     1
 Stab: Sleeping          |     1 |     2 ||     3
  Eat: Chunk             |       |     1 ||     1
Armor: Robe              |       |     2 ||     2
Dodge: Dodged            |       |    22 ||    22
       Rpst.: Long sword |       |     1 ||     1

Table legend:
 A = Turns spent in this place as a percentage of turns spent in the entire game.
 B = Non-inter-level travel turns spent in this place as a percentage of non-inter-level travel turns spent in the entire game.
 C = Inter-level travel turns spent in this place as a percentage of turns spent in this place.
 D = Turns resting spent in this place as a percentage of non-inter-level travel turns spent in this place.
 E = Turns spent auto-exploring this place as a percentage of non-inter-level travel turns spent in this place.
 F = Non-inter-level travel turns spent in this place divided by the number of levels of this place that you've seen.
                   A       B       C       D       E      F
               +-------+-------+-------+-------+-------+----------------------
         Total | 100.0 | 100.0 |   1.4 |   0.0 |   0.0 | 161.5
       Dungeon |  92.7 |  94.0 |   0.0 |   0.0 |   0.0 | 182.2
        Temple |   7.3 |   6.0 |  19.4 |   0.0 |   0.0 |  58.0
               +-------+-------+-------+-------+-------+----------------------

Table legend:
 A = Kills in this place as a percentage of kills in entire the game.
 B = Kills by you in this place as a percentage of kills by you in the entire game.
 C = Kills by friends in this place as a percentage of kills by friends in the entire game.
 D = Other kills in this place as a percentage of other kills in the entire game.
 E = Experience gained in this place as a percentage of experience gained in the entire game.
 F = Experience gained in this place divided by the number of levels of this place that you have seen.
                   A       B       C       D       E      F
               +-------+-------+-------+-------+-------+----------------------
         Total | 100.0 | 100.0 |   N/A |   N/A | 100.0 |  62.8
       Dungeon | 100.0 | 100.0 |   N/A |   N/A | 100.0 |  75.4
               +-------+-------+-------+-------+-------+----------------------

Vault maps used:
D:1:      dpeg_arrival_simpleton_b
D:2:      vehumet_crystals, old_standard_altar, old_standard_altar, first_ration
D:3:      lemuel_another_geyser
D:4:      nicolae_ru_awakened_eye, temple_hall_moat, serial_column_ruins,
          column_ruins_open_small_water, column_ruins_grid_1,
          column_ruins_columns_straight, column_ruins_open_tiny,
          column_ruins_columns_water, column_ruins_open_small,
          dk_noncrumbling_3, uniq_pikel, uniq_ijyb
D:5:      kennysheep_spiral_hall, gup_sewer_entry_glass, serial_shops,
          nicolae_shop_statue_plus
Temple:   jpeg_temple_island
